 Dungeon Crawl Stone Soup version 0.24-a0-230-g536ed4e33c (webtiles) character file.

Game seed: 8907776306486932347

104 Redear the Sneak (level 4, -3/27 HPs)
             Began as an Octopode Earth Elementalist on Apr 3, 2019.
             Killed by divine providence
             ... invoked by an orc priest
              (9 damage)
             ... on level 3 of the Dungeon.
             The game lasted 00:05:15 (1258 turns).

Redear the Sneak (Octopode Earth Elementalist)      Turns: 1258, Time: 00:05:16

Health: -3/27      AC:  1    Str:  7    XL:     4   Next: 80%
Magic:  0/8        EV: 14    Int: 18    God:
Gold:   165        SH:  0    Dex: 12    Spells: 7/8 levels left

rFire    . . .     SeeInvis .   t - +2 spear (chaos)
rCold    . . .     Gourm    .   (no shield)
rNeg     . . .     Faith    .   (helmet restricted)
rPois    .         Spirit   .   (no amulet)
rElec    .         Reflect  .   (no ring)
rCorr    .         Harm     .   (no ring)
MR       .....                  (no ring)
Stlth    +++.......             (no ring)
HPRegen  0.09/turn              (no ring)
MPRegen  0.11/turn              (no ring)
                                (no ring)
                                (no ring)

@: very slightly contaminated
A: almost no armour, stealthy swim, amphibious, 8 rings, constrict 8, camouflage
1, gelatinous body 1
a: no special abilities


You were on level 3 of the Dungeon.
You were not hungry.

You visited 1 branch of the dungeon, and saw 3 of its levels.

You collected 165 gold pieces.

Inventory:

Hand Weapons
 q - a +1 short sword of draining
 t - a +2 spear of chaos (weapon)
 u - a +1 spear of chaos
 v - a +0 club of chaos
Missiles
 h - 6 needles of paralysis
 m - 39 stones (quivered)
 o - 18 sling bullets
 w - 3 tomahawks
 Q - 12 arrows
Jewellery
 d - an uncursed ring of wizardry {unknown}
 e - an uncursed amulet of regeneration {unknown}
Scrolls
 a - 2 scrolls of remove curse {unknown}
 b - 3 scrolls of identify {unknown}
 n - a scroll of teleportation {unknown}
 p - a scroll of fog {unknown}
 s - a scroll of enchant armour {unknown}
Potions
 f - a potion of flight {unknown}
 g - a potion of magic {unknown}
 i - a potion of curing
 j - a potion of might {unknown}
 k - a potion of heal wounds {unknown}
 l - a potion of ambrosia {unknown}
Comestibles
 c - 3 rations
 r - 10 chunks of flesh


   Skills:
 + Level 2.9 Dodging
 + Level 4.2 Stealth
 + Level 2.8 Spellcasting
   Level 1.0 Transmutations
 + Level 3.6 Earth Magic


You had 7 spell levels left.
You knew the following spells:

 Your Spells              Type           Power        Failure   Level  Hunger
a - Sandblast             Erth           ###...       3%          1    None

Your spell library contained the following spells:

 Spells                   Type           Power        Failure   Level  Hunger
 Passwall                 Tmut/Erth      ##......     10%         2    ##.....
 Stone Arrow              Conj/Erth      #.....       24%         3    ###....
 Petrify                  Tmut/Erth      ##......     54%         4    ####...
 Lee's Rapid Deconstruct  Erth           ###.......   71%         5    ######.


Dungeon Overview and Level Annotations

Branches:
Dungeon (3/15)

Altars:
Fedhas
Xom


Innate Abilities, Weirdness & Mutations

You cannot wear most types of armour.
You are very stealthy in the water. (Stealth+)
You are amphibious.
You can wear up to eight rings at the same time.
You can use your tentacles to constrict eight enemies at once.
Your skin changes colour to match your surroundings (Stealth+).
Your rubbery body absorbs attacks. (AC +1, EV +1)


Message History

* * * LOW HITPOINT WARNING * * *
You take 8 damage, and have 4/27 hp.
MASSIVE DAMAGE!!
You feel better.
The orc priest miscasts a cantrip.
You regained 6 hp, and now have 10/27 hp.
The orc priest looks satisfied for a moment.
Unknown command.
Aim: an orc priest, wielding a +0 hand axe and wearing a +0 leather armour (moderately wounded)
The blast of sand misses the orc priest.
m - 39 stones
* * * LOW MAGIC WARNING * * *
You now have 0/8 mp.
The orc priest hits you with a +0 hand axe.
* * * LOW HITPOINT WARNING * * *
You take 5 damage, and have 6/27 hp.
You see here a hand axe.
The orc priest invokes the aid of Beogh against you.
Beogh smites you!
You die...

#. #..# #
#.#.###..#.#
#.)).......#
#######.####
##...##
##.o...##
#..)....+
##.....##
##.@.##
##.## #.#
#<# #.# #.#
#####)#####
#....)....#
#.###.###.#


You could see an orc priest.

Levels and vault maps discovered:
D:1:      dpeg_arrival_round_c, layout_loops_ring, minmay_curled_crystal
D:2:      layout_rooms, old_standard_altar, fountainhead,
          grunt_decor_mini_mirrors, tgw_xom
D:3:      layout_loops_corners, led_sif_book, nicolae_overflow_hidden_temple,
          st_stairs_9

Notes
Turn   | Place    | Note
-------+----------+-------------------------------------------
     0 | D:1      | Redear the Octopode Earth Elementalist began the quest for
                  | the Orb.
     0 | D:1      | Reached XP level 1. HP: 11/11 MP: 3/3
   217 | D:1      | Reached skill level 3 in Stealth
   217 | D:1      | Reached XP level 2. HP: 17/17 MP: 3/5
   612 | D:2      | Identified a +0 club
   725 | D:2      | Reached XP level 3. HP: 21/21 MP: 4/6
   786 | D:2      | Identified a +0 club
   825 | D:2      | Identified a cursed -3 club
   908 | D:2      | Identified a +0 club
   973 | D:2      | Found a blossoming altar of Fedhas.
   975 | D:2      | Identified a +1 short sword of draining
  1029 | D:2      | Identified a +0 club
  1086 | D:2      | Identified a +0 club of chaos
  1086 | D:2      | Identified a +2 spear of chaos
  1086 | D:2      | Identified a +1 spear of chaos
  1125 | D:2      | Reached XP level 4. HP: 23/27 MP: 2/7
  1144 | D:2      | Found a shimmering altar of Xom.
  1200 | D:3      | Identified a +0 trident
  1200 | D:3      | Identified a +0 chain mail
  1204 | D:3      | Identified a +0 dagger
  1204 | D:3      | Identified a +0 ring mail
  1205 | D:3      | Identified a cursed -3 short sword
  1205 | D:3      | Identified a +0 scale mail
  1231 | D:3      | Identified a cursed +0 dagger
  1231 | D:3      | Identified a +0 ring mail
  1231 | D:3      | Identified a +0 club
  1235 | D:3      | Reached skill level 4 in Stealth
  1240 | D:3      | Identified a +0 hand axe
  1240 | D:3      | Identified a +0 leather armour
  1246 | D:3      | Identified 3 potions of curing
  1248 | D:3      | HP: 4/27 [orc priest/+0 hand axe (8)]
  1255 | D:3      | HP: 6/27 [orc priest/+0 hand axe (5)]
  1258 | D:3      | Killed from afar by an orc priest

Table legend:
 A = Turns spent in this place as a percentage of turns spent in the entire game.
 B = Non-inter-level travel turns spent in this place as a percentage of non-inter-level travel turns spent in the entire game.
 C = Inter-level travel turns spent in this place as a percentage of turns spent in this place.
 D = Turns resting spent in this place as a percentage of non-inter-level travel turns spent in this place.
 E = Turns spent auto-exploring this place as a percentage of non-inter-level travel turns spent in this place.
 F = Non-inter-level travel turns spent in this place divided by the number of levels of this place that you've seen.
                   A       B       C       D       E      F
               +-------+-------+-------+-------+-------+----------------------
         Total | 100.0 | 100.0 |   3.1 |   0.0 |  65.4 | 406.3
       Dungeon | 100.0 | 100.0 |   3.1 |   0.0 |  65.4 | 406.3
               +-------+-------+-------+-------+-------+----------------------

Table legend:
 A = Kills in this place as a percentage of kills in entire the game.
 B = Kills by you in this place as a percentage of kills by you in the entire game.
 C = Kills by friends in this place as a percentage of kills by friends in the entire game.
 D = Other kills in this place as a percentage of other kills in the entire game.
 E = Experience gained in this place as a percentage of experience gained in the entire game.
 F = Experience gained in this place divided by the number of levels of this place that you have seen.
                   A       B       C       D       E      F
               +-------+-------+-------+-------+-------+----------------------
         Total | 100.0 | 100.0 |   N/A |   N/A | 100.0 |  49.7
       Dungeon | 100.0 | 100.0 |   N/A |   N/A | 100.0 |  49.7
               +-------+-------+-------+-------+-------+----------------------

Skill      XL: |  1  2  3  4 |
---------------+-------------+-----
Stealth        | 3 4 |  4.2
Dodging        | |  2.9
Spellcasting   | |  2.8
Transmutations | |  1.0
Earth Magic    | |  3.6

Action                   |  1- 3 |  4- 6 || total
-------------------------+-------+-------++-------
Melee: Constrict         |     1 |     3 ||     4
       Unarmed           |     1 |       ||     1
       Spear             |     2 |    11 ||    13
       Tentacles         |       |     3 ||     3
 Cast: Sandblast         |    43 |    12 ||    55
  Use: Potion            |       |     2 ||     2
  Eat: Chunk             |     1 |       ||     1
Dodge: Dodged            |     7 |     6 ||    13

Vanquished Creatures
  An orc priest (D:3)
  3 gnolls (D:2)
  3 leopard geckos (D:1)
  5 orcs (D:3)
  5 bats (D:1)
  A giant cockroach (D:3)
  3 goblins
  3 hobgoblins (D:2)
  2 jackals (D:1)
  5 kobolds
  3 frilled lizards
  5 rats
39 creatures vanquished.
